 Dungeon Crawl Stone Soup version 0.31-a0-542-gdc2a67831c (webtiles) character file.

Game seed: 13281732401849181386

6244 Arcadio the Fighter (level 11, -3/87 (92) HPs)
             Began as a Formicid Hunter on Aug 14, 2023.
             Was a Priest of Cheibriados.
             Slain by a centaur warrior (4 damage)
             ... on level 14 of the Dungeon.
             The game lasted 00:48:30 (11938 turns).

Arcadio the Fighter (Formicid Hunter)              Turns: 11938, Time: 00:48:32

HP:   -3/87 (92)    AC:  8    Str: 23    XL:     11   Next: 15%
MP:   11/11         EV: 12    Int: 14    God:    Cheibriados [***...]
Gold: 278           SH:  0    Dex: 27    Spells: 10/10 levels left

rFire   + . .        b - +6 short sword
rCold   + . .        (no shield)
rNeg    . . .        p - +3 ring mail {rC+}
rPois   .            (helmet unavailable)
rElec   .            Q - +2 cloak
rCorr   .            q - +0 pair of gloves
SInv    +            R - +0 pair of boots
Will    +....        t - amulet of faith
Stlth   ++           y - ring of protection from fire
HPRegen 0.34/turn    L - +4 ring of protection
MPRegen 0.12/turn

%: faith
@: corroded, drained, very slow
A: permanent stasis, dig shafts and tunnels, antennae 3, four strong arms
a: Dig, Shaft Self, Renounce Religion, Bend Time, Temporal Distortion


You were on level 14 of the Dungeon.
You worshipped Cheibriados.
Cheibriados was most pleased with you.
You visited 2 branches of the dungeon, and saw 14 of its levels.
You also visited: Sewer.

You collected 575 gold pieces.
You spent 272 gold pieces at shops.
You donated 25 gold pieces to Zin.

Inventory:

Hand Weapons
 a - a +0 shortbow
 b - a +6 short sword (weapon)
 f - a +0 orcbow
 z - a +1 short sword of freezing
 K - a +0 long sword of holy wrath
 N - a +1 dagger of venom
 O - a +2 battleaxe of freezing
Armour
 i - a +0 chain mail
 n - a scarf of repulsion
 o - a +0 scale mail
 p - a +3 ring mail of cold resistance (worn)
 q - a +0 pair of gloves (worn)
 B - a +0 plate armour
 Q - a +2 cloak (worn)
 R - a +0 pair of boots (worn)
Jewellery
 t - an amulet of faith (around neck)
 y - a ring of protection from fire (left hand)
 A - a ring of protection from fire
 L - a +4 ring of protection (right hand)
Wands
 h - a wand of digging (2)
 r - a wand of paralysis (1)
 F - a wand of flame (44)
Scrolls
 c - a scroll of silence {unknown}
 d - a scroll of enchant weapon
 g - a scroll of noise
 j - 5 scrolls of teleportation
 k - a scroll of blinking
 u - 2 scrolls of amnesia
 x - a scroll of enchant armour
 C - a scroll of torment
 E - a scroll of vulnerability {unknown}
 I - a scroll of fear
 J - a scroll of poison {unknown}
 P - a scroll of brand weapon {unknown}
Potions
 e - 7 potions of mutation
 m - a potion of might {unknown}
 s - 2 potions of attraction {unknown}
 v - 4 potions of brilliance
 D - a potion of berserk rage {unknown}
 H - a potion of enlightenment {unknown}


   Skills:
 + Level 10.6 Fighting
 + Level 10.2 Ranged Weapons
 + Level 10.1 Armour
 - Level 1.7 Dodging
 - Level 1.2 Stealth


You had 10 spell levels left.
You didn't know any spells.
Your spell library contained the following spells:

 Spells                   Type           Power      Damage    Failure   Level
 Necrotise                Necr           0%         1d4       38%         1
 Gell's Gravitas          Tloc           0%         N/A       77%         3
 Teleport Other           Tloc           0%         N/A       77%         3
 Vampiric Draining        Necr           0%         2d6       77%         3
 Agony                    Necr           0%         N/A       100%        5
 Dispersal                Tloc           0%         N/A       100%        6


Dungeon Overview and Level Annotations

Branches:
Dungeon (12/15) Zot: 40019  Temple (1/1) D:6 Zot: 8934   Sewer (visited)
   Lair: D:8-11         Orc: D:9-12

Altars:
Ashenzari
Cheibriados
Dithmenos
Elyvilon
Fedhas
Gozag
Hepliaklqana
Kikubaaqudgha
Makhleb
Nemelex Xobeh
Okawaru
Qazlal
Ru
Sif Muna
Trog
Uskayaw
Vehumet
Wu Jian
Xom
Yredelemnul
Zin
The Shining One

Shops:
D:11 [

Annotations:
D:8 Amaemon, Psyche
D:12 3 runed translucent doors


Innate Abilities, Weirdness & Mutations

You cannot be hasted, slowed, berserked, paralysed or teleported.
You can dig through walls and to a lower floor.
You have a pair of large antennae on your head. (SInv)
Your four strong arms can wield two-handed weapons with a shield.


Message History

You hit the centaur warrior.
The centaur warrior is moderately wounded.
The helpless centaur warrior fails to defend itself.
You hit the centaur warrior.
The centaur warrior is moderately wounded.
The helpless centaur warrior fails to defend itself.
You hit the centaur warrior.
The centaur warrior is moderately wounded.
The helpless centaur warrior fails to defend itself.
You hit the centaur warrior.
The centaur warrior is heavily wounded.
The helpless centaur warrior fails to defend itself.
You hit the centaur warrior.
The centaur warrior is heavily wounded.
The helpless centaur warrior fails to defend itself.
You hit the centaur warrior.
The centaur warrior is heavily wounded.
The helpless centaur warrior fails to defend itself.
You hit the centaur warrior.
The centaur warrior is severely wounded.
The helpless centaur warrior fails to defend itself.
You puncture the centaur warrior!
The centaur warrior is almost dead.
The helpless centaur warrior fails to defend itself.
You hit the centaur warrior.
The centaur warrior is almost dead.
The centaur warrior is no longer paralysed.
The centaur warrior hits you.
* * * LOW HITPOINT WARNING * * *
The centaur warrior kicks you.
* * * LOW HITPOINT WARNING * * *
Aiming: Throw Flame
Press: ? - help, Shift-Dir - straight line, p - centaur warrior The puff of flame hits the centaur warrior.
The centaur warrior is almost dead.
The centaur warrior hits you.
* * * LOW HITPOINT WARNING * * *
The centaur warrior kicks you but does no damage.
The centaur warrior hits you.
You die...

,,,,,,*,,,,,,,,+.#######..####...
,,,,,,****##+###.......#..#......
,,,,,,,,,,.............####......
,,,,,,,,,,.......................
,,,,,,,,,,...................####
,,,,,,,,,,...................#
,,,,,,,,,,...................#
,,,,,*****########...(.).....#
****** #@cD..........#***
###.............,,
#.........####** #.......###
#########


You could see a centaur warrior and an acid dragon.

Vanquished Creatures
  A boulder beetle (D:12)
  A two-headed ogre (D:14)
  A manticore (D:12)
  2 cyclopes
  4 yaks
  A wyvern (D:9)
  A steam dragon (D:9)
  3 acid dragons
  A water moccasin (D:7)
  An orc warrior (D:7)
  3 ice beasts
  An ogre (D:4)
  2 centaurs
  A phantom (D:5)
  5 bullfrogs
  3 kobold brigands
  5 scorpions
  3 wights (D:7)
  3 howler monkeys
  A jelly (D:6)
  4 hounds
  8 orc priests
  Jessica (D:3)
  5 iguanas
  Natasha (twice) (D:2)
  A sleepcap (D:6)
  2 orc wizards
  Robin (D:3)
  15 adders
  2 white imps (D:6)
  3 ufetubi
  2 dart slugs
  32 orcs
  14 bats
  5 endoplasms
  10 giant cockroaches
  11 goblins
  13 hobgoblins
  2 jackals (D:2)
  18 kobolds
  3 quokkas
  9 ball pythons
  7 frilled lizards
  4 rats
  A butterfly (D:11)
218 creatures vanquished.

Notes
Turn   | Place    | Note
-------+----------+-------------------------------------------
     0 | D:1      | Arcadio the Formicid Hunter began the quest for the Orb.
     0 | D:1      | Reached XP level 1. HP: 16/16 MP: 1/1
   120 | D:1      | Found a faded altar of an unknown god.
   123 | D:1      | Reached XP level 2. HP: 23/23 MP: 2/2
   167 | D:1      | Reached skill level 1 in Armour
   419 | D:1      | Reached XP level 3. HP: 28/28 MP: 3/3
   884 | D:2      | Noticed Natasha
   888 | D:2      | Killed Natasha
   889 | D:2      | Reached XP level 4. HP: 35/35 MP: 4/4
  1014 | D:2      | Noticed Natasha
  1028 | D:2      | Killed Natasha
  1141 | D:2      | Reached XP level 5. HP: 40/41 MP: 5/5
  1564 | D:3      | Found a glowing silver altar of Zin.
  1569 | D:3      | Became a worshipper of Zin the Law-Giver
  1634 | D:3      | Found a blossoming altar of Fedhas.
  1688 | D:3      | Reached * piety under Zin
  1720 | D:3      | Found a radiant altar of Vehumet.
  1989 | D:3      | Noticed Jessica
  1998 | D:3      | Killed Jessica
  1999 | D:3      | Reached skill level 5 in Ranged Weapons
  1999 | D:3      | Reached XP level 6. HP: 48/48 MP: 6/6
  2273 | D:3      | Noticed Robin
  2293 | D:3      | Killed Robin
  2923 | D:4      | Reached XP level 7. HP: 55/55 MP: 7/7
  2969 | D:4      | Found a broken altar of Ashenzari.
  3252 | D:4      | Reached ** piety under Zin
  3285 | D:4      | Reached skill level 5 in Fighting
  3578 | D:5      | Entered Level 5 of the Dungeon
  4531 | D:5      | Reached skill level 5 in Armour
  4531 | D:5      | Reached XP level 8. HP: 58/64 MP: 8/8
  4710 | D:5      | Found an opulent altar of Gozag.
  5314 | D:6      | Found a staircase to the Ecumenical Temple.
  5349 | Temple   | Entered the Ecumenical Temple
  5370 | Temple   | Fell from the grace of Zin
  5370 | Temple   | Became a worshipper of Cheibriados the Contemplative
  5449 | D:6      | Found a glowing drain.
  5469 | Sewer    | Entered a sewer
  5562 | Sewer    | Reached * piety under Cheibriados
  6202 | D:6      | Reached XP level 9. HP: 50/65 MP: 9/9
  6697 | D:6      | You fall into a shaft and drop 2 floors!
  6881 | D:8      | Noticed Psyche
  6904 | D:8      | Reached ** piety under Cheibriados
  6913 | D:8      | Noticed an orange demon
  6914 | D:8      | Noticed Amaemon
  6918 | D:8      | You fall into a shaft and drop 2 floors!
  6918 | D:10     | Entered Level 10 of the Dungeon
  7085 | D:10     | Found a burning altar of Makhleb.
  7085 | D:10     | Found an ancient bone altar of Kikubaaqudgha.
  7261 | D:8      | You fall into a shaft and drop 1 floor!
  8115 | D:7      | You fall into a shaft and drop 2 floors!
  8652 | D:7      | Found a shimmering blue altar of Sif Muna.
  8686 | D:7      | Reached XP level 10. HP: 76/81 MP: 10/10
  8988 | D:7      | You fall into a shaft and drop 3 floors!
  9409 | D:9      | Noticed a two-headed ogre
  9415 | D:9      | You fall into a shaft and drop 1 floor!
  9478 | D:9      | Reached *** piety under Cheibriados
  9516 | D:9      | You fall into a shaft and drop 3 floors!
  9645 | D:11     | Found Ximedicaoc's Armour Boutique.
  9659 | D:11     | Bought a +2 cloak for 214 gold pieces
  9659 | D:11     | Bought a +0 pair of boots for 58 gold pieces
  9677 | D:10     | Found a shimmering altar of Xom.
  9702 | D:11     | HP: 2/83 [acid dragon/splash of acid (15)]
 10396 | D:10     | You fall into a shaft and drop 2 floors!
 10570 | D:12     | Noticed a boulder beetle
 10636 | D:12     | Killed a boulder beetle
 10790 | D:12     | Noticed an entropy weaver
 10837 | D:12     | Found a runed translucent door.
 10837 | D:12     | Found a runed translucent door.
 10837 | D:12     | Noticed a freezing wraith
 10837 | D:12     | Noticed a centaur warrior
 10837 | D:12     | Noticed a great orb of eyes
 10869 | D:12     | Noticed a cyclops
 10869 | D:12     | Noticed a rime drake
 10869 | D:12     | Noticed a tengu warrior
 10869 | D:12     | Noticed a cyclops
 10869 | D:12     | Found a runed translucent door.
 10878 | D:12     | Noticed a cyclops
 10879 | D:12     | Noticed a manticore
 10903 | D:12     | Killed a cyclops
 10904 | D:12     | Reached skill level 10 in Fighting
 10941 | D:12     | Noticed a yaktaur
 11278 | D:12     | Killed a manticore
 11451 | D:12     | Noticed a centaur warrior
 11488 | D:12     | Noticed a cyclops
 11492 | D:12     | You fall into a shaft and drop 2 floors!
 11574 | D:14     | Noticed a two-headed ogre
 11578 | D:14     | Noticed a boulder beetle
 11581 | D:14     | Killed a two-headed ogre
 11582 | D:14     | Reached skill level 10 in Ranged Weapons
 11582 | D:14     | Reached XP level 11. HP: 83/92 MP: 11/11
 11749 | D:14     | Noticed a cyclops
 11768 | D:14     | Killed a cyclops
 11769 | D:14     | Reached skill level 10 in Armour
 11904 | D:14     | Noticed a centaur warrior
 11912 | D:14     | HP: 1/87 [acid dragon/splash of acid (13)]
 11921 | D:14     | HP: 3/87 [centaur warrior (6)]
 11937 | D:14     | HP: 3/87 [centaur warrior (4)]
 11938 | D:14     | HP: 1/87 [centaur warrior (3)]
 11938 | D:14     | Slain by a centaur warrior

Illustrated notes

Levels and vault maps discovered:
D:1:      lightli_molten_gateway, layout_basic, dreamdust_ecumenical_altar_grove
D:2:      layout_loops_ring, minmay_misc_feat_five, hangedman_decor_growths,
          uniq_natasha
D:3:      layout_loops_cross, mainiacjoe_overflow_chevrons,
          mainiacjoe_overflow_catwalk_spiral, uniq_jessica, uniq_robin
D:4:      minmay_skewed_foursquare, layout_cave_pods,
          mainiacjoe_overflow_cross_hatched
D:5:      layout_loops_ring, nicolae_overflow_crystal_walls
D:6:      minmay_diamond_boxcup, layout_basic, minmay_temple_entry_grid,
          gup_sewer_entry_pipe, corexii_leaking_fountain
D:7:      layout_loops_cross, mainiacjoe_overflow_24_doors
D:8:      layout_cave_pools, enter_bailey_6, kennysheep_generic_room_8,
          uniq_psyche, uniq_amaemon
D:9:      layout_rooms
D:10:     layout_roguey, xom_butterflies, gammafunk_temple_overflow_elements,
          serial_shops, nicolae_diamond_shop, minmay_nine_imps
D:11:     layout_stronghold, david_lair_generic, orc_0_dummy, serial_shops,
          nicolae_stop_n_shop_2, nicolae_lava_and_water, uniq_maurice
D:12:     minmay_the_grid_triangle_9x9_recursive_3
          [minmay_the_grid_triangle_9x9_subtriangle,
          minmay_the_grid_triangle_9x9_intruding_spiral,
          minmay_the_grid_triangle_9x9_warning,
          minmay_the_grid_triangle_9x9_prize_schism,
          minmay_the_grid_triangle_9x9_steps,
          minmay_the_grid_triangle_9x9_wacky_v,
          minmay_the_grid_triangle_9x9_longest,
          minmay_the_grid_triangle_9x9_tough_junction,
          minmay_the_grid_triangle_9x9_odd_lines], layout_rooms, tgw_xom
D:14:     layout_irregular_city, dk_noncrumbling_4, uniq_kirke
Temple:   nicolae_temple_bog_church

Skill      XL: |  1  2  3  4  5  6  7  8  9 10 11 |
---------------+----------------------------------+-----
Armour         | 1 2 3 4 5 6 8 9 10 | 10.1
Fighting       | 3 4 5 7 8 10 | 10.6
Ranged Weapons | 5 6 7 8 10 | 10.2
Dodging        | |  1.7
Stealth        | |  1.2

Action                     |  1- 3 |  4- 6 |  7- 9 | 10-12 || total
---------------------------+-------+-------+-------+-------++-------
  Melee: Dagger            |     6 |    77 |   418 |    91 ||   592
         Unarmed           |     1 |       |       |       ||     1
         Short sword       |    11 |    77 |       |   143 ||   231
         Punch             |       |     2 |     7 |     6 ||    15
         Long sword        |       |       |    29 |       ||    29
   Fire: Shortbow          |    37 |    76 |   113 |    18 ||   244
 Invoke: Recite            |       |       |     1 |       ||     1
         Vitalisation      |       |       |     1 |       ||     1
         Bend Time         |       |       |       |     2 ||     2
         Temporal Distorti |       |       |       |     1 ||     1
Ability: Dig               |     1 |       |     6 |     2 ||     9
         Shaft Self        |       |       |     4 |     5 ||     9
  Evoke: Wand              |       |       |       |    19 ||    19
    Use: Scroll            |       |     3 |    10 |     8 ||    21
         Potion            |       |       |     2 |     6 ||     8
   Stab: Sleeping          |       |       |     2 |       ||     2
         Distracted        |       |       |     1 |       ||     1
         Paralysed         |       |       |       |    31 ||    31
 Armour: Leather armour    |     7 |       |       |       ||     7
         Ring mail         |     7 |    76 |   190 |   144 ||   417
         Skin              |       |       |       |     2 ||     2
  Dodge: Dodged            |    22 |    99 |   228 |   153 ||   502
         Repelled          |       |       |       |     2 ||     2

Table legend: (Time is in decaauts)
 A = Elapsed time spent in this place.
 B = Non-inter-level travel time spent in this place.
 C = Inter-level travel time spent in this place.
 D = Time resting spent in this place.
 E = Time spent auto-exploring this place.
 F = Levels seen in this place.
 G = Mean time per level.
                   A        B        C        D        E       F      G
               +--------+--------+--------+--------+--------+-----+--------+
         Total |  13055 |  12848 |    207 |   3807 |   5011 |  15 |  870.3 |
       Dungeon |  12381 |  12174 |    207 |   3807 |   4632 |  13 |  952.4 |
        Temple |     54 |     54 |      0 |      0 |      0 |   1 |   54.0 |
         Sewer |    619 |    619 |      0 |      0 |    379 |   1 |  619.0 |
               +--------+--------+--------+--------+--------+-----+--------+

Top non-repeatable levels by time:
     D:6: 1667 daAuts
     D:4: 1409 daAuts
    D:12: 1359 daAuts
     D:3: 1187 daAuts
     D:5: 1162 daAuts
     D:7: 1032 daAuts
     D:1: 807 daAuts
    D:10: 716 daAuts
     D:9: 704 daAuts
     D:2: 691 daAuts
    D:11: 678 daAuts
   Sewer: 619 daAuts
     D:8: 483 daAuts
    D:14: 480 daAuts
  Temple: 54 daAuts
